 Dungeon Crawl Stone Soup version 0.27-a0-460-g297a19dbdb (webtiles) character file.

Game seed: 3969706704361488401

933 Anon1729 the Chopper (level 8, -1/68 HPs)
             Began as a Ghoul Fighter on Feb 28, 2021.
             Was a Follower of Makhleb.
             Slain by a hornet zombie (6 damage)
             ... on level 6 of the Dungeon.
             The game lasted 00:04:30 (5933 turns).

Anon1729 the Chopper (Ghoul Fighter)                Turns: 5933, Time: 00:04:33

Health: -1/68      AC: 10    Str: 22    XL:     8   Next: 11%
Magic:  7/7        EV:  8    Int:  3    God:    Makhleb [*.....]
Gold:   243        SH:  9    Dex:  8    Spells: 7/7 levels left

rFire    . . .     SeeInvis .   a - +0 war axe
rCold    + . .     Faith    .   c - +0 kite shield
rNeg     + + +     Spirit   .   b - +0 scale mail
rPois    ∞         Reflect  .   (no helmet)
rElec    .         Harm     .   j - +0 cloak
rCorr    .         Rampage  .   (no gloves)
Will     .....                  B - +1 pair of boots
Stlth    ..........             (no amulet)
HPRegen  0.00/turn              (no ring)
MPRegen  0.10/turn              (no ring)

@: no status effects
A: claws 1, cold resistance 1, negative energy resistance 3, inhibited
regeneration, torment resistance, unbreathing
a: Renounce Religion


You were on level 6 of the Dungeon.
You worshipped Makhleb.
Makhleb was aware of your devotion.
You visited 2 branches of the dungeon, and saw 7 of its levels.

You collected 243 gold pieces.

Inventory:

Hand Weapons
 a - a +0 war axe (weapon)
Missiles
 w - 4 silver javelins (quivered)
Armour
 b - a +0 scale mail (worn)
 c - a +0 kite shield (worn)
 j - a +0 cloak (worn)
 B - a +1 pair of boots (worn)
Jewellery
 o - a ring of ice
 r - a ring of poison resistance
Wands
 l - a wand of mindburst (30)
 z - a wand of iceblast (10)
 A - a wand of paralysis (8)
 D - a wand of polymorph (13)
Scrolls
 e - 5 scrolls of enchant weapon {unknown}
 f - 12 scrolls of identify {unknown}
 h - 2 scrolls of enchant armour {unknown}
 m - 3 scrolls of amnesia {unknown}
 p - 7 scrolls of teleportation {unknown}
 q - 2 scrolls of fear {unknown}
 s - a scroll of magic mapping {unknown}
 u - a scroll of random uselessness {unknown}
 x - 3 scrolls of immolation {unknown}
 y - 2 scrolls of noise {unknown}
 C - a scroll of vulnerability {unknown}
Potions
 d - 3 potions of might
 g - a potion of heal wounds {unknown}
 i - a potion of invisibility {unknown}
 k - a potion of attraction {unknown}
 n - a potion of flight {unknown}
 t - 2 potions of berserk rage {unknown}
 v - 3 potions of haste {unknown}
 E - a potion of degeneration {unknown}
 F - a potion of lignification {unknown}
 G - a potion of brilliance {unknown}


   Skills:
 + Level 5.0 Fighting
 + Level 5.1 Axes
 + Level 4.6 Armour
 + Level 2.3 Dodging
 + Level 0.6 Stealth
 + Level 4.2 Shields


You had 7 spell levels left.
You didn't know any spells.
Your spell library contained the following spells:

 Spells                   Type           Power        Failure   Level
 Sandblast                Erth           0%           99%         1
 Passwall                 Tmut/Erth      0%           100%        2
 Stone Arrow              Conj/Erth      0%           100%        3
 Petrify                  Tmut/Erth      0%           100%        4
 Lee's Rapid Deconstruct  Erth           0%           100%        5
 Beastly Appendage        Tmut           Unusable     N/A         1
 Wereblood                Tmut           Unusable     N/A         2
 Spider Form              Tmut/Pois      Unusable     N/A         3
 Ice Form                 Ice/Tmut       Unusable     N/A         4
 Blade Hands              Tmut           Unusable     N/A         5

Dungeon Overview and Level Annotations

Branches:
Dungeon (6/15)             Temple (1/1) D:5

Altars:
Cheibriados
Dithmenos
Elyvilon
Fedhas
Gozag
Hepliaklqana
Kikubaaqudgha
Makhleb
Qazlal
Ru
Sif Muna
Trog
Uskayaw
Vehumet
Wu Jian
Xom
Zin
Lugonu


Innate Abilities, Weirdness & Mutations

You thrive by killing the living.
You are immune to poison.
You have sharp fingernails.
Your flesh is cold resistant. (rC+)
You are immune to negative energy. (rN+++)
You do not regenerate when monsters are visible.
You are immune to unholy pain and torment.
You can survive without breathing.


Message History

You are too injured to fight recklessly!
You are too injured to fight recklessly!
You are too injured to fight recklessly!
You are too injured to fight recklessly!
You are too injured to fight recklessly!
You are too injured to fight recklessly!
You are too injured to fight recklessly!
You are too injured to fight recklessly!
Unknown command.
You slash the hornet zombie!
The hornet zombie is almost destroyed.
The hornet zombie barely misses you.
The hornet zombie hits you but does no damage.
You hit the hornet zombie but do no damage.
The hornet zombie is almost destroyed.
The hornet zombie hits you but does no damage.
The hornet zombie hits you!
* * * LOW HITPOINT WARNING * * *
You hit the hornet zombie.
The hornet zombie is almost destroyed.
You block the hornet zombie's attack. The hornet zombie closely misses you.
You barely miss the hornet zombie.
The hornet zombie is almost destroyed.
The hornet zombie closely misses you. The hornet zombie hits you!
* * * LOW HITPOINT WARNING * * *
Unknown command.
Aiming: Mindburst
Press: ? - help, Shift-Dir - straight line, f - you
Okay, then.
Aiming: Paralyse
Press: ? - help, Shift-Dir - straight line, f - hornet zombie
Aim: a hornet zombie (almost destroyed, chance to affect: 56%)
Okay, then.
Throw: 5 javelins (silver)
Press: ? - help, Q - select action, (/) - cycle Shift-Dir - straight line, f - hornet zombie
Aim: a hornet zombie (almost destroyed, 60% to hit)
You throw a silver javelin.
The silver javelin barely misses the hornet zombie.
The hornet zombie hits you.
You die...

##.##..### ..#
#........#####.#
#.##..##.....#.#
.###..###......## .#
#..# ##....(^## . ##
##.##....##...## #..
.##
#....#####?...##...#
..###..(# #.......#
#..#..## #..@..###
##....######.....Z..#
##.................#
#..........#.......#
##.######............#
##..## ##....(.####.?#
.....## ##...### .(.
..##..## #... .# .#
##..###


You could see a hornet zombie.

Vanquished Creatures
  An ice beast (D:5)
  A phantom (D:4)
  2 bullfrogs (D:6)
  A howler monkey (D:4)
  A bullfrog zombie (D:5)
  A gnoll shaman (D:5)
  3 orc priests
  2 hounds
  3 iguanas
  Natasha (twice) (D:3)
  A howler monkey zombie (D:5)
  3 gnolls (D:5)
  9 adders
  A shadow imp (D:6)
  3 white imps
  3 worms
  2 dart slugs
  6 leopard geckos
  12 orcs
  4 bats
  4 giant cockroaches
  4 goblins
  9 hobgoblins
  5 jackals
  13 kobolds
  5 ball pythons
  3 frilled lizards
  A jackal skeleton (D:4)
  3 rats
108 creatures vanquished.

Notes
Turn   | Place    | Note
-------+----------+-------------------------------------------
     0 | D:1      | Anon1729 the Ghoul Fighter began the quest for the Orb.
     0 | D:1      | Reached XP level 1. HP: 19/19 MP: 0/0
   187 | D:2      | Reached XP level 2. HP: 26/26 MP: 1/1
   417 | D:2      | Found a hide-covered altar of Uskayaw.
   442 | D:2      | Reached XP level 3. HP: 22/31 MP: 2/2
   991 | D:3      | Noticed Natasha
  1001 | D:2      | Reached XP level 4. HP: 16/39 MP: 3/3
  1192 | D:3      | Killed Natasha
  1641 | D:3      | Noticed Natasha
  1646 | D:3      | Killed Natasha
  1647 | D:3      | Reached XP level 5. HP: 46/46 MP: 4/4
  2152 | D:3      | Found a blossoming altar of Fedhas.
  2679 | D:4      | Reached XP level 6. HP: 52/52 MP: 5/5
  2729 | D:4      | Reached skill level 1 in Dodging
  4213 | D:2      | Found an ancient bone altar of Kikubaaqudgha.
  4285 | D:2      | Found an ornate altar of the Wu Jian Council.
  4358 | D:2      | Found an opulent altar of Gozag.
  4411 | D:5      | Entered Level 5 of the Dungeon
  4417 | D:5      | Found a radiant altar of Vehumet.
  4420 | D:5      | Found a white marble altar of Elyvilon.
  4425 | D:5      | Reached XP level 7. HP: 41/60 MP: 6/6
  4582 | D:5      | Found a staircase to the Ecumenical Temple.
  4627 | Temple   | Entered the Ecumenical Temple
  4668 | Temple   | Became a worshipper of Makhleb the Destroyer
  4999 | D:5      | Found a shimmering blue altar of Sif Muna.
  5046 | D:5      | Reached skill level 5 in Fighting
  5099 | D:5      | Found a hazy altar of Hepliaklqana.
  5500 | D:6      | Reached skill level 5 in Axes
  5500 | D:6      | Reached XP level 8. HP: 56/68 MP: 7/7
  5571 | D:6      | Found a stormy altar of Qazlal.
  5769 | D:6      | Reached * piety under Makhleb
  5933 | D:6      | Slain by a hornet zombie

Illustrated notes

Levels and vault maps discovered:
D:1:      dpeg_arrival_round_c, layout_basic
D:2:      layout_basic, eat_drink_and_be_merry_uskayaw,
          nicolae_overflow_hidden_temple, minmay_goblin_kobold_house
D:3:      layout_loops_ring, fedhas_altar_1, uniq_natasha
D:4:      layout_basic
D:5:      layout_cave_pools, marbit_many_paths, lemuel_doored_altar,
          elyvilon_altar_5, lemuel_round_altar, minmay_temple_entry_mini_moons,
          kennysheep_cluttered_room, patterned_corridor
D:6:      layout_layer_cave, grunt_qazlal_clouds
Temple:   corrupted_temple

Skill      XL: |  1  2  3  4  5  6  7  8 |
---------------+-------------------------+-----
Armour         | 3 4 |  4.6
Shields        | 3 4 |  4.2
Axes           | 2 3 4 5 |  5.1
Fighting       | 4 5 |  5.0
Dodging        | 1 2 |  2.3
Stealth        | |  0.6

Action                   |  1- 3 |  4- 6 |  7- 9 || total
-------------------------+-------+-------+-------++-------
Melee: War axe           |    66 |   206 |   107 ||   379
Throw: Javelin           |       |       |     1 ||     1
Evoke: Wand              |       |     1 |       ||     1
Armor: Scale mail        |    47 |   117 |    51 ||   215
Dodge: Dodged            |    27 |    86 |    39 ||   152
Block: Kite shield       |    42 |   130 |    50 ||   222

Table legend: (Time is in decaauts)
 A = Elapsed time spent in this place.
 B = Non-inter-level travel time spent in this place.
 C = Inter-level travel time spent in this place.
 D = Time resting spent in this place.
 E = Time spent auto-exploring this place.
 F = Levels seen in this place.
 G = Mean time per level.
                   A        B        C        D        E       F      G
               +--------+--------+--------+--------+--------+-----+--------+
         Total |   6150 |   5754 |    396 |    489 |   4313 |   7 |  878.6 |
       Dungeon |   6087 |   5710 |    377 |    489 |   4313 |   6 | 1014.5 |
        Temple |     62 |     43 |     19 |      0 |      0 |   1 |   62.0 |
               +--------+--------+--------+--------+--------+-----+--------+

Top non-repeatable levels by time:
     D:2: 1538 daAuts
     D:3: 1319 daAuts
     D:4: 997 daAuts
     D:5: 793 daAuts
     D:6: 721 daAuts
     D:1: 717 daAuts
  Temple: 62 daAuts
